 Dungeon Crawl Stone Soup version 0.32-a0-576-g706899e69d (webtiles) character file.

Game seed: 14017972092962789643

23 Dittersdorf the Trooper (level 2, 0/19 HPs)
             Began as a Gargoyle Fighter on Mar 1, 2024.
             Slain by Natasha (2 damage)
             ... on level 2 of the Dungeon.
             The game lasted 00:00:35 (965 turns).

Dittersdorf the Trooper (Gargoyle Fighter)           Turns: 965, Time: 00:00:35

Health: 0/19       AC:  9    Str: 19    XL:     2   Next: 95%
Magic:  2/2        EV:  9    Int:  8    God:
Gold:   37         SH:  4    Dex:  9    Spells: 1/1 levels left

rFire   . . .        a - +0 flail
rCold   . . .        c - +0 buckler
rNeg    + . .        b - +0 scale mail
rPois   ∞            (no helmet)
rElec   +            (no cloak)
rCorr   .            (no gloves)
SInv    .            (no boots)
Will    .....        (no amulet) Stlth
                     (no ring)
HPRegen 0.23/turn    (no ring)
MPRegen 0.08/turn

%: no passive effects
@: slowed, very slow
A: sickness immunity, AC +2, negative energy resistance 1, electricity
resistance, torment resistance 1, petrification resistance
a: no special abilities


You were on level 2 of the Dungeon.
You visited 1 branch of the dungeon, and saw 2 of its levels.

You collected 37 gold pieces.

Inventory:

Hand Weapons
 a - a +0 flail (weapon)
Missiles
 i - a throwing net (quivered)
Armour
 b - a +0 scale mail (worn)
 c - a +0 buckler (worn)
Scrolls
 f - a scroll of summoning {unknown}
 g - 2 scrolls of identify {unknown}
Potions
 d - a potion of might
 e - a potion of mutation {unknown}
 h - a potion of degeneration {unknown}
 j - a potion of haste {unknown}
 k - a potion of heal wounds {unknown}
 l - a potion of brilliance {unknown}


   Skills:
 + Level 3.6 Fighting
 + Level 2.3 Maces & Flails
 + Level 3.6 Armour
 + Level 3.6 Shields


You had one spell level left.
You didn't know any spells.
Your spell library contained the following spells:

 Spells                   Type           Power      Damage    Failure   Level
 Ensorcelled Hibernation  Hex/Ice        0%         N/A       94%         2
 Fugue of the Fallen      Necr           0%         N/A       99%         3
 Anguish                  Hex/Necr       0%         N/A       100%        4


Dungeon Overview and Level Annotations

Branches:
Dungeon (2/15)

Altars:

Annotations:
D:2 Natasha


Innate Abilities, Weirdness & Mutations

You are immune to sickness and miasma.
Your stone body is resilient. (AC +2)
You are immune to poison.
You resist negative energy. (rN+)
You are resistant to electric shocks. (rElec)
You are resistant to unholy torment.
You are immune to petrification.


Message History

Natasha claws you but does no damage. The quokka barely misses you.
You block the bat's attack.
Natasha mewls in sadness.
Natasha claws you but does no damage. The kobold hits you but does no damage.
The cerulean imp hits you from afar with a +1 spear.
The quokka bites you but does no damage.
You are too injured to fight recklessly!
You are too injured to fight recklessly!
You are too injured to fight recklessly!
You are too injured to fight recklessly!
You are too injured to fight recklessly!
You are too injured to fight recklessly!
You are too injured to fight recklessly!
You are too injured to fight recklessly!
You are too injured to fight recklessly!
You are too injured to fight recklessly!
You are too injured to fight recklessly!
You are too injured to fight recklessly!
You are too injured to fight recklessly!
You are too injured to fight recklessly!
You are too injured to fight recklessly!
You are too injured to fight recklessly!
You are too injured to fight recklessly!
You are too injured to fight recklessly!
You barely miss Natasha.
Natasha is heavily wounded.
The bat hits you but does no damage. You block the kobold's attack.
Natasha claws you.
* * * LOW HITPOINT WARNING * * *
You block the quokka's attack. The cerulean imp barely misses you.
The kobold hits you but does no damage. Natasha barely misses you.
The quokka closely misses you.
The cerulean imp hits you but does no damage.
You hit Natasha.
Natasha is severely wounded.
The bat hits you but does no damage. You block the bat's attack.
The quokka bites you but does no damage.
You block the kobold's attack. Natasha claws you.
You die...
Natasha curls up and begins to purr.

#.....# #.....# #.....#
##########.....#
........##.....####
........##........#
........##........####.
......K†b....#.........
......r@######.)..####
......h.# #......#
#....5.## #.##...#
#...... #.##...#
#...... #>##...#
#...... #.##...#
#...... #.######
##.#########..# .......
.........##........


You could see Natasha, a cerulean imp (summoned), a quokka, a bat and a kobold.

Vanquished Creatures
  5 ball pythons
  2 bats (D:2)
  3 endoplasms
  A giant cockroach (D:2)
  2 hobgoblins
  A kobold (D:2)
  2 quokkas (D:2)
  A frilled lizard (D:2)
  2 goblins (D:2)
  2 rats (D:1)
21 creatures vanquished.

Notes
Turn   | Place    | Note
-------+----------+-------------------------------------------
     0 | D:1      | Dittersdorf the Gargoyle Fighter began the quest for the
                  | Orb.
     0 | D:1      | Reached XP level 1. HP: 14/14 MP: 1/1
   474 | D:1      | Reached XP level 2. HP: 19/19 MP: 2/2
   956 | D:2      | Noticed Natasha
   965 | D:2      | Slain by Natasha

Illustrated notes

Levels and vault maps discovered:
D:1:      psy_arrival_whirlpool, layout_basic, minmay_splitting_lines
D:2:      layout_basic, hangedman_feature_mirror, uniq_crazy_yiuf_cottage,
          uniq_natasha

Action                     || total
---------------------------++-------
  Melee: Flail             ||    72
 Armour: Scale mail        ||    95
  Dodge: Dodged            ||    37
  Block: Buckler           ||    31

Table legend: (Time is in decaauts)
 A = Elapsed time spent in this place.
 B = Non-inter-level travel time spent in this place.
 C = Inter-level travel time spent in this place.
 D = Time resting spent in this place.
 E = Time spent auto-exploring this place.
 F = Levels seen in this place.
 G = Mean time per level.
                   A        B        C        D        E       F      G
               +--------+--------+--------+--------+--------+-----+--------+
         Total |    991 |    973 |     18 |      0 |    800 |   2 |  495.5 |
       Dungeon |    991 |    973 |     18 |      0 |    800 |   2 |  495.5 |
               +--------+--------+--------+--------+--------+-----+--------+

Top non-repeatable levels by time:
     D:1: 660 daAuts
     D:2: 331 daAuts
